 Dungeon Crawl Stone Soup version 0.26-a0-438-g4b1dca4f87 (webtiles) character file.

Game seed: 5093379452578177877

188273 DeltaSign the Warrior (level 17, -5/171 HPs)
             Began as a Minotaur Berserker on July 26, 2020.
             Was the Champion of Trog.
             Hit by a silver javelin thrown by a merfolk javelineer (17 damage)
             ... on level 4 of the Shoals.
             The game lasted 01:21:20 (32255 turns).

DeltaSign the Warrior (Minotaur Berserker)         Turns: 32255, Time: 01:21:21

Health: -5/171     AC: 34    Str: 27    XL:     17   Next: 47%
Magic:  0/25       EV:  6    Int:  6    God:    Trog [******]
Gold:   2218       SH: 26    Dex: 20    Spells: 16/16 levels left

rFire    + . .     SeeInvis .   E - +8 mithril axe "Arga" {speed, MR+}
rCold    . . .     Faith    .   b - +4 tower shield {reflect}
rNeg     + + .     Spirit   +   V - +2 crystal plate armour
rPois    +         Reflect  +   (helmet restricted)
rElec    .         Harm     .   w - +2 ratskin cloak {+Rats rPois rN+ Str-1 Int-1 Dex+1}
rCorr    .                      T - +0 pair of gloves
MR       +++++                  H - +2 pair of boots of Slovenliness {rN+ Int+3}
Stlth    ..........             J - amulet of guardian spirit
HPRegen  0.38/turn              W - ring of Niuri {rF+ MR+ Dex+4}
MPRegen  0.19/turn              P - ring of Befot {+Blink MR++ MP+9 Str+4}

@: berserk cooldown, slowed, studying Long Blades, very slow
A: retaliatory headbutt, horns 2
}: 1/15 runes: barnacled
a: Berserk, Trog's Hand, Brothers in Arms, Renounce Religion, Evoke Blink, Evoke
Ratskin


You were on level 4 of the Shoals.
You worshipped Trog.
Trog was exalted by your worship.
You visited 4 branches of the dungeon, and saw 27 of its levels.
You visited the Abyss 3 times.
You also visited: Gauntlet.

You collected 3506 gold pieces.
You spent 1288 gold pieces at shops.

Inventory:

Hand Weapons
 E - the +8 mithril axe "Arga" (weapon) {speed, MR+}
   (Trog gifted it to you on level 9 of the Dungeon)

   Attacks with this weapon are significantly faster.
   It affects your resistance to hostile enchantments.
 N - a +4 antimagic broad axe
Armour
 b - a +4 tower shield of reflection (worn)
 w - the +2 ratskin cloak (worn) {+Rats rPois rN+ Str-1 Int-1 Dex+1}
   (You found it on level 5 of the Dungeon)

   It affects your strength (-1).
   It affects your intelligence (-1).
   It affects your dexterity (+1).
   It protects you from poison.
   It protects you from negative energy.
 y - a scarf of repulsion
 H - the +2 pair of boots of Slovenliness (worn) {rN+ Int+3}
   (You found it in a Gauntlet)

   It affects your intelligence (+3).
   It protects you from negative energy.
 T - a +0 pair of gloves (worn)
 V - a +2 crystal plate armour (worn)
Jewellery
 d - an uncursed ring of protection from fire {unknown}
 u - an uncursed amulet of reflection {unknown}
 D - an uncursed ring of protection from cold
 G - the ring of Autumn {Ice +Inv SInv}
   (You found it in a Gauntlet)

   [ring of ice]

   It enhances your ice magic.
   It makes you vulnerable to fire.
   It protects you from cold.
   It lets you see invisible.
   It lets you turn invisible.
 J - an amulet of guardian spirit (around neck)
 P - the ring of Befot (right hand) {+Blink MR++ MP+9 Str+4}
   (You found it on level 11 of the Dungeon)

   [ring of magical power]

   It affects your strength (+4).
   It affects your resistance to hostile enchantments.
   It affects your magic capacity (+9).
   It lets you blink.
 W - the ring of Niuri (left hand) {rF+ MR+ Dex+4}
   (You found it on level 2 of the Abyss)

   [ring of protection from magic]

   It affects your dexterity (+4).
   It protects you from fire.
   It affects your resistance to hostile enchantments.
 Y - an uncursed ring of poison resistance
Wands
 a - a wand of disintegration (31)
 e - a wand of flame (91)
 f - a wand of random effects (67)
 p - a wand of iceblast (40)
 F - a wand of polymorph (19)
 M - a wand of digging (20)
 Q - a wand of clouds (12)
Scrolls
 c - 9 scrolls of enchant weapon
 h - 5 scrolls of immolation
 i - 9 scrolls of blinking
 k - a scroll of torment
 m - 9 scrolls of remove curse
 t - 2 scrolls of silence
 v - 2 scrolls of fear
 x - 6 scrolls of magic mapping
 B - 3 scrolls of summoning
 C - 4 scrolls of fog
 I - 15 scrolls of teleportation
 L - a scroll of vulnerability
 U - a scroll of enchant armour
 X - a scroll of brand weapon {unknown}
 Z - a scroll of identify
Potions
 g - 3 potions of haste
 j - 3 potions of resistance
 l - 8 potions of flight
 n - 6 potions of stabbing
 o - 7 potions of curing
 q - 9 potions of lignification
 r - 3 potions of mutation
 s - 7 potions of might
 A - a potion of ambrosia
 K - 2 potions of magic
 O - a potion of heal wounds
 R - a potion of invisibility {unknown}
 S - 2 potions of cancellation
Books
 z - a manual of Long Blades


   Skills:
 + Level 20.4 Fighting
 + Level 20.3 Axes
 + Level 15.4 Armour
 - Level 2.1 Dodging
 * Level 16.1 Shields


You had 16 spell levels left.
You didn't know any spells.
Your spell library was empty.

Dungeon Overview and Level Annotations

Branches:
Dungeon (15/15)            Temple (0/1) D:5            Lair (6/6) D:8
 Shoals (4/4) Lair:3        Snake (0/4) Lair:4        Slime (0/5) Lair:5
    Orc (2/2) D:11            Elf (0/3) Orc:2        Vaults (0/5) D:14
 Depths (0/5) D:15        Gauntlet (visited)

Altars:
Cheibriados
Fedhas
Gozag
Hepliaklqana
Nemelex Xobeh
Okawaru
Uskayaw
Vehumet
Wu Jian
Xom
The Shining One
Jiyva

Shops:
Orc:1 }   Orc:2 ([*   Shoals:4 *

Annotations:
Lair:1 exclusion: oklob plant
Shoals:4 3 runed translucent doors, exclusion: obsidian statue, Maedhros's ghost, adept OpWn


Innate Abilities, Weirdness & Mutations

You reflexively headbutt those who attack you in melee.
You have a pair of horns on your head.


Message History

* * * LOW HITPOINT WARNING * * *
x2 You hear a splash.
You feel much better.
Your surroundings suddenly seem different.
The merfolk javelineer throws a silver javelin.
The silver javelin pierces through you but does no damage.
* * * LOW HITPOINT WARNING * * *
The merfolk javelineer throws a silver javelin.
The silver javelin pierces through you.
* * * LOW HITPOINT WARNING * * *
x2 The merfolk javelineer throws a silver javelin.
The silver javelin pierces through you!!
* * * LOW HITPOINT WARNING * * *
x2 The merfolk javelineer throws a silver javelin.
The silver javelin pierces through you but does no damage.
* * * LOW HITPOINT WARNING * * *
You see here 2 silver javelins.
The merfolk javelineer throws a silver javelin.
The silver javelin pierces through you!
You die...

≈≈≈≈≈≈≈≈≈≈≈≈≈#####≈≈≈≈≈≈≈#####.≈≈
≈≈≈≈≈≈≈≈≈≈≈≈##...##≈≈≈≈≈##≈≈≈##P≈
≈≈≈≈≈≈≈≈≈≈≈(#.....#..≈≈≈#≈≈≈≈≈#P.
≈≈≈≈≈≈≈≈≈≈((#..:..'.≈≈≈≈#≈≈|≈≈#..
≈≈≈≈≈≈m≈≈≈≈≈#....)#..≈≈≈#≈≈≈≈.#..
≈≈≈mmmm≈.m≈.##...##..≈≈≈##≈≈≈##P"
≈≈≈##§##.m≈..#####....≈≈.##'##...
≈≈##$)≈##≈≈...(.(....≈≈≈..()))...
≈≈#≈)≈≈(#≈≈.....@....≈≈≈......)..
≈ #≈≈.≈≈#≈......<..≈≈≈≈≈.....(.).
#≈≈≈≈≈#≈......)≈≈≈≈≈≈≈≈≈≈..)...
##≈(≈##≈......≈≈≈≈≈≈≈≈≈≈≈≈.....
#####≈≈≈.....≈≈≈≈≈≈≈≈≈≈≈≈.....
≈≈≈≈≈≈≈≈≈≈≈....≈≈≈≈≈≈≈≈≈≈≈.≈.≈≈.
≈≈≈≈≈≈≈≈≈≈.(..≈≈≈≈≈≈≈≈≈≈≈≈..≈≈≈.
≈≈≈≈≈≈≈≈≈≈≈≈≈≈≈≈≈≈≈≈≈≈≈.....≈≈.)
≈≈≈≈≈≈≈≈≈≈....≈≈≈≈≈≈≈≈≈...#.≈≈..


You could see 2 merfolk javelineers.

Vanquished Creatures
  A bone dragon (Abyss:2)
  Jorgrun (Orc:1)
  3 tentacled starspawn
  2 very ugly things (Abyss:3)
  Nessos (D:13)
  A dire elephant (Gauntlet)
  4 starcursed masses
  A minotaur (Gauntlet)
  3 merfolk javelineers (Shoals:4)
  5 merfolk impalers
  Josephine (D:10)
  Harold (D:10)
  An ice dragon (Lair:6)
  A merfolk avatar (Shoals:4)
  5 hydras
  A catoblepas (D:12)
  23 two-headed ogres
  2 satyrs (Shoals:4)
  A centaur warrior (D:15)
  Erica (Orc:1)
  5 ogre magi
  2 merfolk aquamancers
  An alligator snapping turtle (Shoals:3)
  5 death yaks (Lair:5)
  Urug (Orc:1)
  3 thrashing horrors
  Nergalle (D:11)
  A soul eater (Abyss:2)
  2 orc high priests
  7 skeletal warriors
  5 wretched stars
  A spatial maelstrom (Abyss:3)
  A sixfirhy (Abyss:3)
  10 sea snakes
  3 wizards
  2 unseen horrors
  Pikel (D:4)
  2 shadow demons (Abyss:2)
  A phantasmal warrior (Abyss:3)
  3 lindwurms
  A necromancer (Lair:6)
  5 harpies (Shoals:1)
  An orb spider (shapeshifter) (Abyss:2)
  2 orc sorcerers (D:15)
  6 cyclopes
  2 deep elf magi
  8 ugly things
  18 fauns
  A wolf spider (Lair:6)
  9 manticores
  The ghost of utbildad the Sneak, a novice OpWz of Gozag (D:6)
  14 merfolk sirens
  12 elephants
  Maurice (D:7)
  2 guardian serpents
  7 water nymphs
  7 black mambas
  19 cane toads
  2 orange demons
  6 torpor snails (Lair:6)
  A rust devil (Gauntlet)
  A gargoyle (D:10)
  3 rime drakes
  Maggie (D:7)
  A kobold demonologist (D:14)
  A redback zombie (D:15)
  An ancient zyme (Abyss:2)
  An efreet (Shoals:2)
  An ice devil (Gauntlet)
  2 yaktaurs
  A hellwing (Abyss:2)
  22 merfolk
  A polar bear (Lair:6)
  Prince Ribbit (Lair:2)
  3 trolls
  3 tyrant leeches (Lair:6)
  10 raiju (Abyss:2)
  10 hornets
  A wolf spider simulacrum (D:15)
  Grinder (D:5)
  8 slime creatures
  7 wind drakes
  9 dream sheep
  A dream sheep (shapeshifter) (Abyss:2)
  5 snapping turtles
  15 blink frogs
  9 hippogriffs
  A meliai zombie (D:14)
  7 large abominations
  An air elemental (Abyss:2)
  A shadow (D:12)
  A redback (Lair:6)
  3 ynoxinuls
  9 wyverns
  A vampire (Abyss:2)
  7 wraiths
  Sigmund (D:3)
  10 water elementals
  5 small abominations
  49 yaks
  Eustachio (D:5)
  3 basilisks
  2 vampire mosquitoes (D:12)
  A neqoxec (Abyss:3)
  2 wargs
  A soldier ant (D:11)
  2 acid dragons
  6 porcupines
  4 floating eyes (Abyss:2)
  18 water moccasins
  Duvessa (D:6)
  24 orc warriors
  10 sky beasts
  A phantom (D:14)
  3 ice beasts
  An eye of draining (D:9)
  11 centaurs
  A necrophage (D:6)
  3 wolves (Lair:6)
  30 ogres
  An ogre (shapeshifter) (Abyss:3)
  8 crocodiles
  3 lemures (D:4)
  A big kobold (D:12)
  Blork the orc (D:9)
  A wyvern zombie (D:6)
  14 bullfrogs
  An earth elemental (Abyss:2)
  Dowan (D:6)
  2 wyvern skeletons
  2 scorpions
  4 killer bees (D:10)
  13 wights
  2 howler monkeys
  2 jellies
  A quasit (Abyss:2)
  2 bullfrog zombies
  4 hounds
  25 orc wizards
  Crazy Yiuf (D:6)
  2 bullfrog skeletons
  A gnoll shaman (D:7)
  21 orc priests
  2 centaur skeletons
  5 iron imps
  3 iguanas
  Jessica (D:3)
  15 worker ants
  3 hell rats (D:5)
  3 polar bear simulacra (Lair:6)
  5 yak simulacra (Lair:6)
  A wolf simulacrum (Lair:6)
  2 hound skeletons
  Robin (D:4)
  7 gnolls
  4 river rats (D:5)
  10 adders
  A shadow imp (D:6)
  5 white imps
  2 ufetubi
  4 adder skeletons
  A worm (D:4)
  2 dart slugs
  5 leopard geckos
  62 orcs
  3 ball pythons
  9 bats
  5 giant cockroaches
  19 goblins
  13 hobgoblins
  2 jackals (D:4)
  5 quokkas
  2 frilled lizards (D:2)
  11 kobolds
  A leopard gecko skeleton (D:4)
  24 rats
  2 river rat simulacra (Lair:6)
  2 fungi (Lair:3)
  30 plants
  A starspawn tentacle (Abyss:2)
967 creatures vanquished.

Vanquished Creatures (others)
  A golden eye (Abyss:2)
  A centaur (D:8)
  An iguana (D:8)
  An orc (D:8)
  16 fungi (Lair:6)
  28 plants
  6 starspawn tentacles (Abyss:2)
54 creatures vanquished.

Grand Total: 1021 creatures vanquished

Notes
Turn   | Place    | Note
-------+----------+-------------------------------------------
     0 | D:1      | DeltaSign the Minotaur Berserker began the quest for the
                  | Orb.
     0 | D:1      | Reached XP level 1. HP: 19/19 MP: 0/0
   162 | D:1      | Reached XP level 2. HP: 27/27 MP: 1/1
  1184 | D:2      | Reached XP level 3. HP: 33/33 MP: 2/2
  1240 | D:2      | Reached ** piety under Trog
  1306 | D:2      | Reached XP level 4. HP: 19/41 MP: 3/3
  1308 | D:2      | Reached skill level 5 in Fighting
  1308 | D:2      | Reached skill level 5 in Axes
  1573 | D:2      | Reached XP level 5. HP: 48/48 MP: 4/4
  2038 | D:2      | Found a hide-covered altar of Uskayaw.
  2038 | D:2      | Found a sparkling altar of Nemelex Xobeh.
  2043 | D:2      | Found a snail-covered altar of Cheibriados.
  2045 | D:2      | Found an opulent altar of Gozag.
  2049 | D:2      | Found a hazy altar of Hepliaklqana.
  2304 | D:3      | Noticed Sigmund
  2315 | D:3      | Killed Sigmund
  2315 | D:3      | Reached XP level 6. HP: 38/57 MP: 5/5
  2743 | D:3      | Noticed Jessica
  2745 | D:3      | Killed Jessica
  2745 | D:3      | Reached *** piety under Trog
  3033 | D:4      | Found a glowing golden altar of the Shining One.
  3052 | D:4      | Noticed Pikel
  3065 | D:4      | Killed Pikel
  3065 | D:4      | Reached skill level 5 in Armour
  3065 | D:4      | Reached XP level 7. HP: 66/66 MP: 6/6
  3314 | D:4      | Found a sparkling altar of Nemelex Xobeh.
  3327 | D:4      | Noticed Robin
  3351 | D:4      | Killed Robin
  3794 | D:5      | Entered Level 5 of the Dungeon
  3927 | D:5      | Reached XP level 8. HP: 48/74 MP: 7/7
  4205 | D:5      | Noticed Eustachio
  4242 | D:5      | Killed Eustachio
  4659 | D:5      | Noticed Grinder
  4665 | D:5      | Paralysed by Grinder for 2 turns
  4674 | D:5      | Paralysed by Grinder for 7 turns
  4691 | D:5      | Killed Grinder
  4828 | D:5      | Found a staircase to the Ecumenical Temple.
  5039 | D:5      | Reached **** piety under Trog
  5111 | D:5      | Found the +2 ratskin cloak {+Rats rPois rN+ Str-1 Int-1
                  | Dex+1}
  5661 | D:6      | Reached XP level 9. HP: 79/85 MP: 8/8
  5795 | D:6      | Noticed Duvessa
  5796 | D:6      | Noticed Dowan
  5805 | D:6      | Killed Duvessa
  5815 | D:6      | Reached skill level 10 in Fighting
  5816 | D:6      | Killed Dowan
  5816 | D:6      | Reached skill level 10 in Axes
  6056 | D:6      | Found a runed translucent door.
  6057 | D:6      | Noticed Crazy Yiuf
  6130 | D:6      | Found a glowing golden altar of the Shining One.
  6371 | D:6      | Found a runed translucent door.
  6371 | D:6      | Noticed utbildad's ghost (novice OpWz)
  6382 | D:6      | Killed utbildad's ghost
  6557 | D:6      | Killed Crazy Yiuf
  6714 | D:7      | Found a radiant altar of Vehumet.
  6762 | D:7      | Noticed Maggie
  6775 | D:7      | Killed Maggie
  7204 | D:8      | Noticed Maurice
  7579 | D:7      | Killed Maurice
  7579 | D:7      | Reached XP level 10. HP: 96/96 MP: 9/9
  8035 | D:8      | Reached ***** piety under Trog
  8038 | D:8      | HP: 2/96 [orc warrior/+0 halberd (22)]
  8483 | D:8      | Found a staircase to the Lair.
  8538 | D:8      | Found an ornate altar of the Wu Jian Council.
  8628 | D:8      | Found a shimmering altar of Xom.
  8851 | D:8      | Found an iron altar of Okawaru.
  9348 | D:9      | Received a gift from Trog
  9349 | D:9      | Found the +8 mithril axe "Arga" {speed, MR+}
  9349 | D:9      | Noticed Blork the orc
  9361 | D:9      | Killed Blork the orc
  9395 | D:9      | Reached skill level 1 in Shields
  9785 | D:10     | Entered Level 10 of the Dungeon
  9797 | D:10     | Noticed a gargoyle
  9805 | D:10     | Killed a gargoyle
 10154 | D:10     | Reached XP level 11. HP: 97/106 MP: 10/10
 10241 | D:10     | Noticed Harold
 10258 | D:10     | Killed Harold
 10357 | D:10     | Noticed Josephine
 10365 | D:10     | Killed Josephine
 10659 | D:10     | Reached skill level 5 in Shields
 10772 | D:10     | Noticed a green ugly thing
 10781 | D:10     | Killed a green ugly thing
 10890 | D:10     | Noticed a two-headed ogre
 10899 | D:10     | Killed a two-headed ogre
 11152 | D:11     | Found a gate leading to a gauntlet.
 11163 | Gauntlet | Entered a Gauntlet
 11163 | Gauntlet | Found a transporter.
 11170 | Gauntlet | Found a transporter.
 11173 | Gauntlet | Found a transporter.
 11176 | Gauntlet | Noticed a necromancer
 11181 | Gauntlet | Found a transporter.
 11183 | Gauntlet | Found a transporter.
 11187 | Gauntlet | Found a runed translucent door.
 11188 | Gauntlet | Noticed a deep troll
 11188 | Gauntlet | a deep troll changed into a dream sheep
 11190 | Gauntlet | Found a runed translucent door.
 11193 | Gauntlet | Found a transporter.
 11195 | Gauntlet | Noticed a harpy
 11195 | Gauntlet | a yaktaur changed into a harpy
 11196 | Gauntlet | a harpy changed into a rime drake
 11206 | Gauntlet | Noticed an obsidian statue
 11209 | Gauntlet | Found a transporter.
 11221 | Gauntlet | Found a transporter.
 11228 | Gauntlet | Noticed a dire elephant
 11228 | Gauntlet | Noticed a death yak
 11228 | Gauntlet | Noticed a death yak
 11229 | Gauntlet | Noticed a death yak
 11230 | Gauntlet | Found a runed translucent gate.
 11231 | Gauntlet | Found a transporter.
 11231 | Gauntlet | Found a runed translucent gate.
 11232 | Gauntlet | Found a runed translucent gate.
 11236 | Gauntlet | Found a transporter.
 11236 | Gauntlet | Found a transporter.
 11238 | Gauntlet | Found a transporter.
 11268 | Gauntlet | Found a transporter.
 11326 | Gauntlet | Found a transporter.
 11384 | Gauntlet | Noticed a swamp dragon
 11385 | Gauntlet | Noticed a shock serpent
 11385 | Gauntlet | a merfolk changed into a shock serpent
 11392 | Gauntlet | Noticed a swamp dragon
 11392 | Gauntlet | a shock serpent changed into a swamp dragon
 11395 | Gauntlet | a swamp dragon changed into an elephant
 11448 | Gauntlet | Got a flickering tin ring
 11476 | Gauntlet | Got a pair of pitted boots
 11482 | Gauntlet | Identified the +2 pair of boots of Slovenliness {rN+ Int+3}
                  | (You found it in a Gauntlet)
 11504 | Gauntlet | Reached skill level 10 in Armour
 11514 | Gauntlet | Killed a dire elephant
 11535 | Gauntlet | Identified the ring of Autumn {Ice +Inv SInv} (You found it
                  | in a Gauntlet)
 11539 | Gauntlet | Noticed a minotaur
 11557 | Gauntlet | Killed a minotaur
 11557 | Gauntlet | Reached XP level 12. HP: 32/117 MP: 0/11
 12092 | D:11     | Noticed a two-headed ogre
 12098 | D:11     | Killed a two-headed ogre
 12383 | D:11     | Found a staircase to the Orcish Mines.
 12497 | D:11     | Noticed Nergalle
 12508 | D:11     | Killed Nergalle
 12539 | D:11     | Received a gift from Trog
 12841 | D:11     | Got a scintillating iron ring
 12848 | D:11     | Identified the ring of Befot {+Blink MR++ MP+9 Str+4} (You
                  | found it on level 11 of the Dungeon)
 13125 | D:12     | Noticed a catoblepas
 13133 | D:12     | Killed a catoblepas
 13708 | D:12     | Noticed a two-headed ogre
 13718 | D:12     | Killed a two-headed ogre
 14054 | Lair:1   | Entered Level 1 of the Lair of Beasts
 14217 | Lair:1   | You fall into a shaft and drop 1 floor!
 14231 | Lair:1   | Reached skill level 15 in Fighting
 14594 | Lair:1   | Found a blossoming altar of Fedhas.
 14819 | Lair:1   | Reached skill level 15 in Axes
 15005 | Lair:2   | Noticed Prince Ribbit
 15026 | Lair:2   | Killed Prince Ribbit
 15058 | Lair:2   | Reached XP level 13. HP: 127/127 MP: 12/12
 15060 | Lair:2   | Reached skill level 10 in Shields
 15334 | Lair:2   | Found an ornate altar of the Wu Jian Council.
 15846 | Lair:3   | Found a staircase to the Shoals.
 16488 | Lair:4   | Found a staircase to the Snake Pit.
 18131 | Lair:5   | Found a viscous altar of Jiyva.
 18132 | Lair:5   | Found a staircase to the Slime Pits.
 18141 | Lair:5   | You fall into a shaft and drop 1 floor!
 18141 | Lair:6   | Entered Level 6 of the Lair of Beasts
 18599 | Lair:6   | Reached XP level 14. HP: 138/138 MP: 13/13
 18670 | Lair:6   | Reached ****** piety under Trog
 18764 | Lair:6   | Received a gift from Trog
 19626 | Lair:6   | Found a runed translucent door.
 19684 | Lair:6   | Paralysed by a hornet for 3 turns
 21341 | D:13     | Noticed Nessos
 21354 | D:13     | Killed Nessos
 21641 | D:13     | Received a gift from Trog
 21915 | D:14     | Found a gate to the Vaults.
 22436 | D:15     | Entered Level 15 of the Dungeon
 22461 | D:14     | Reached XP level 15. HP: 83/147 MP: 13/14
 22955 | D:15     | Found a staircase to the Depths.
 22974 | D:15     | Received a gift from Trog
 23851 | Orc:1    | Entered Level 1 of the Orcish Mines
 23851 | Orc:1    | Noticed Urug
 23851 | Orc:1    | Noticed Erica
 23856 | Orc:1    | Killed Urug
 23864 | Orc:1    | Killed Erica
 24250 | Orc:2    | Entered Level 2 of the Orcish Mines
 24270 | Orc:2    | Found a staircase to the Elven Halls.
 24453 | Orc:2    | Found Emi Tokh's Distillery.
 24453 | Orc:2    | Found Kasud's General Store.
 24466 | Orc:2    | Received a gift from Trog
 24483 | Orc:2    | Found Lies Moi's Armour Shoppe.
 24483 | Orc:2    | Found Zaqun's Antique Weapon Shop.
 25276 | Orc:1    | Noticed Jorgrun
 25296 | Orc:1    | Killed Jorgrun
 25296 | Orc:1    | Reached skill level 15 in Shields
 25349 | Orc:1    | Found Goalaub's Gadget Shoppe.
 25617 | Orc:2    | Bought a +2 crystal plate armour for 1288 gold pieces
 25838 | Shoals:1 | Entered Level 1 of the Shoals
 26040 | Shoals:1 | Reached XP level 16. HP: 159/159 MP: 15/15
 26046 | Shoals:1 | Received a gift from Trog
 26895 | Shoals:2 | Cast into level 3 of the Abyss (merfolk impaler)
 27417 | Abyss:3  | Noticed a tentacled starspawn
 27430 | Abyss:3  | Killed a tentacled starspawn
 27431 | Abyss:3  | Noticed a tentacled starspawn
 27437 | Shoals:2 | Escaped the Abyss
 27438 | Shoals:2 | You fall into a shaft and drop 1 floor!
 27869 | Shoals:2 | Cast into level 2 of the Abyss (merfolk impaler)
 28184 | Abyss:2  | Received a gift from Trog
 28221 | Abyss:2  | Noticed a tentacled starspawn
 28229 | Abyss:2  | Killed a tentacled starspawn
 28305 | Abyss:2  | Noticed a bone dragon
 28321 | Abyss:2  | Killed a bone dragon
 28331 | Abyss:2  | Noticed an Executioner
 28340 | Shoals:2 | Escaped the Abyss
 28362 | Shoals:2 | Cast into level 2 of the Abyss (merfolk impaler)
 28509 | Abyss:2  | Noticed a tentacled starspawn
 28511 | Abyss:2  | Paralysed by a floating eye for 3 turns
 28516 | Abyss:2  | Paralysed by a floating eye for 2 turns
 28524 | Abyss:2  | Killed a tentacled starspawn
 28566 | Abyss:2  | Got a twitching ivory ring
 28872 | Abyss:2  | Noticed a bone dragon
 28875 | Shoals:2 | Escaped the Abyss
 29149 | Shoals:2 | Reached XP level 17. HP: 108/170 MP: 16/16
 29312 | Shoals:2 | Identified the ring of Niuri {rF+ MR+ Dex+4} (You found it
                  | on level 2 of the Abyss)
 29314 | Shoals:2 | Identified a scroll of acquirement
 29321 | Shoals:2 | Acquired a +1 tower shield of reflection
 29958 | Shoals:3 | Reached skill level 15 in Armour
 30721 | Shoals:4 | Entered Level 4 of the Shoals
 30788 | Shoals:4 | Found a runed translucent gate.
 30788 | Shoals:4 | Found a runed translucent gate.
 30788 | Shoals:4 | Found a runed translucent gate.
 30789 | Shoals:4 | Found an opulent altar of Gozag.
 30791 | Shoals:4 | Noticed Maedhros's ghost (adept OpWn)
 30824 | Shoals:4 | Found Nuj Doituwa's Assorted Antiques.
 31573 | Shoals:4 | Received a gift from Trog
 32227 | Shoals:4 | Got a barnacled rune of Zot
 32255 | Shoals:4 | Hit by a silver javelin thrown by a merfolk javelineer

Illustrated notes

Levels and vault maps discovered:
D:1:      minmay_arrival_nine_rooms, layout_basic
D:2:      layout_basic, chequers_temple_overflow_minitemple
D:3:      layout_basic, uniq_sigmund, uniq_jessica
D:4:      layout_basic, tso_altar, nemelex_diamond_rough_becter, uniq_robin,
          uniq_pikel
D:5:      wander_guarded_unrand_ratskin, layout_basic,
          minmay_temple_entry_statues_fountains, minmay_stone_trees_small,
          grunt_decor_mini_mirrors, grunt_ministairs_8, uniq_eustachio,
          uniq_grinder
D:6:      layout_basic, basic_altar, ebering_ghost_reflecting_pool,
          st_stairs_11, zaba_anthole, uniq_duvessa, uniq_crazy_yiuf_cottage
D:7:      layout_cave_pools, vehumet_altar_wand_db, uniq_maggie
D:8:      layout_rooms, xom_confusion_cloud, dpeg_oklobed_lair, basic_altar,
          okawaru_altar_gauntlet_db, uniq_maurice
D:9:      layout_loops_ring, moated_statue, sword_in_stone
D:10:     layout_irregular_city, serial_glass, glass_columns_b, glass_columns_a,
          item_on_display_a, uniq_harold, uniq_josephine
D:11:     layout_irregular_city, orc_0_dummy, gauntlet_entry_generic,
          chequers_serial_rivers_marsh, uniq_nergalle
D:12:     layout_rooms
D:13:     layout_roguey, uniq_nessos
D:14:     layout_basic, small_statue_intersection
D:15:     grunt_enter_depths_magical_seal, layout_cave_pools,
          hangedman_abyss_or_decor_stagger
Lair:1:   wander_river, layout_misc_corridors, minivault_23, tgw_fedhas
Lair:2:   layout_gridlike, basic_altar, serial_bayou_pond_a, minmay_hedge_maze,
          minivault_25, uniq_prince_ribbit2
Lair:3:   layout_misc_corridors, elwin_shoals_entry_stream
Lair:4:   layout_hall_layers, minmay_snake_entry_spellcaster, minivault_25,
          columned_hall_lemuel
Lair:5:   layout_regular_city, slime_altar_1, beast_lair_carwin_10
Lair:6:   wormcave, layout_cave_pods, hangedman_lair_tendril_chambers,
          eino_house_with_fridge
Shoals:1: layout_shoals
Shoals:2: layout_shoals
Shoals:3: layout_shoals
Shoals:4: shoals_end_simple, layout_shoals, ebering_ghost_gozag
Orc:1:    layout_diamond_mine, serial_shops, shop, uniq_jorgrun, uniq_urug,
          uniq_erica
Orc:2:    st_orc_ogre_mass, layout_caves

Skill      XL: |  1  2  3  4  5  6  7  8  9 10 11 12 13 14 15 16 17 |
---------------+----------------------------------------------------+-----
Axes           | 4 5 6 7 8 9 11 12 13 15 16 17 18 20 | 20.3
Fighting       | 4 5 6 7 8 9 11 12 14 15 16 17 18 20 | 20.4
Armour         | 3 4 5 6 8 9 10 11 12 13 14 15 | 15.4
Shields        | 3 7 9 11 13 15 16 | 16.1
Dodging        | |  2.1

Action                   |  1- 3 |  4- 6 |  7- 9 | 10-12 | 13-15 | 16-18 || total
-------------------------+-------+-------+-------+-------+-------+-------++-------
Melee: Hand axe          |    57 |    93 |   346 |    37 |       |       ||   533
       Headbutt          |     6 |    20 |    66 |   128 |   254 |   230 ||   704
       Battleaxe         |       |       |       |    83 |       |       ||    83
       Broad axe         |       |       |       |   402 |   940 |   826 ||  2168
Invok: Berserk           |     1 |     3 |    11 |     3 |     4 |     1 ||    23
 Abil: Evoke Ratskin     |       |       |     1 |       |       |       ||     1
  Use: Scroll            |       |     4 |     7 |     7 |    16 |    13 ||    47
       Potion            |       |       |     1 |     3 |       |     5 ||     9
Armor: Chain mail        |    40 |    18 |       |       |       |       ||    58
       Plate armour      |       |    52 |   193 |   174 |   213 |       ||   632
       Crystal plate arm |       |       |       |       |    11 |   290 ||   301
Dodge: Dodged            |    31 |    37 |    96 |    97 |   148 |   108 ||   517
       Repelled          |       |       |       |     3 |     1 |     3 ||     7
Block: Kite shield       |       |       |       |   156 |   487 |   247 ||   890
       Tower shield      |       |       |       |       |       |   298 ||   298
       Reflection        |       |       |       |       |       |    16 ||    16

Table legend: (Time is in decaauts)
 A = Elapsed time spent in this place.
 B = Non-inter-level travel time spent in this place.
 C = Inter-level travel time spent in this place.
 D = Time resting spent in this place.
 E = Time spent auto-exploring this place.
 F = Levels seen in this place.
 G = Mean time per level.
                   A        B        C        D        E       F      G
               +--------+--------+--------+--------+--------+-----+--------+
         Total |  31736 |  30256 |   1480 |   4738 |  20752 |  31 | 1023.7 |
       Dungeon |  15954 |  15038 |    916 |   1682 |  11222 |  15 | 1063.6 |
          Lair |   6959 |   6554 |    405 |    836 |   4968 |   6 | 1159.8 |
        Shoals |   4900 |   4836 |     64 |   1479 |   2493 |   4 | 1225.0 |
  Orcish Mines |   1722 |   1627 |     95 |      0 |   1280 |   2 |  861.0 |
         Abyss |   1387 |   1387 |      0 |    741 |    245 |   3 |  462.3 |
      Gauntlet |    812 |    812 |      0 |      0 |    544 |   1 |  812.0 |
               +--------+--------+--------+--------+--------+-----+--------+

Top non-repeatable levels by time:
  Lair:6: 2513 daAuts
     D:5: 1617 daAuts
Shoals:4: 1486 daAuts
    D:10: 1403 daAuts
Shoals:2: 1359 daAuts
     D:7: 1325 daAuts
     D:6: 1279 daAuts
  Lair:5: 1225 daAuts
    D:11: 1203 daAuts
     D:1: 1166 daAuts
   Orc:2: 1122 daAuts
     D:8: 1113 daAuts
     D:2: 1100 daAuts
Shoals:3: 1073 daAuts
    D:15: 1019 daAuts
